 Dungeon Crawl Stone Soup version 0.22-a0-521-gb1378044ac (webtiles) character file.

7 M4edhros the Grave Robber (level 2, 0/17 HPs)
             Began as an Octopode Necromancer on June 20, 2018.
             Slain by a jackal (3 damage)
             ... on level 1 of the Dungeon.
             The game lasted 00:00:58 (321 turns).

M4edhros the Grave Robber (Octopode Necromancer)     Turns: 321, Time: 00:00:59

Health: 0/17       AC:  1    Str:  7    XL:     2   Next: 4%
Magic:  2/5        EV: 13    Int: 17    God:
Gold:   21         SH:  0    Dex: 12    Spells: 3/5 levels left

rFire    + . .     SeeInvis .     - Unarmed
rCold    x . .     Gourm    .   (no shield)
rNeg     . . .     Faith    .   (helmet restricted)
rPois    .         Spirit   .   (no amulet)
rElec    .         Reflect  .   a - ring of fire
rCorr    .         Harm     .   (no ring)
MR       .....                  (no ring)
Stlth    +++.......             (no ring)
HPRegen  0.05/turn              (no ring)
MPRegen  0.09/turn              (no ring)
                                (no ring)
                                (no ring)

@: no status effects
A: almost no armour, stealthy swim, amphibious, 8 rings, constrict 8, camouflage
1, gelatinous body 1
a: no special abilities


You were on level 1 of the Dungeon.
You were not hungry.

You visited 1 branch of the dungeon, and saw 2 of its levels.

You collected 21 gold pieces.

Inventory:

Jewellery
 a - a ring of fire (left tentacle)
Scrolls
 d - a scroll of identify
Comestibles
 b - 3 rations
 c - a chunk of flesh


   Skills:
 - Level 2.0 Dodging
 - Level 2.6 Stealth
 + Level 1.6 Unarmed Combat
 - Level 2.0 Spellcasting
 - Level 4.0 Necromancy


You had 3 spell levels left.
You knew the following spells:

 Your Spells              Type           Power        Failure   Level  Hunger
a - Pain                  Necr           ###.         3%          1    #......
b - Animate Skeleton      Necr           N/A          3%          1    #......

Your spell library contained the following spells:

 Spells                   Type           Power        Failure   Level  Hunger
 Animate Dead             Necr           N/A          36%         4    #####..
 Vampiric Draining        Necr           ###.......   11%         3    ###....
 Regeneration             Chrm/Necr      #.........   26%         3    ###....


Dungeon Overview and Level Annotations

Branches:
Dungeon (2/15)

Altars:

Annotations:
D:2 Jessica


Innate Abilities, Weirdness & Mutations

You cannot wear most types of armour.
You are very stealthy in the water. (Stealth+)
You are amphibious.
You can wear up to eight rings at the same time.
You can use your tentacles to constrict eight enemies at once.
Your skin changes colour to match your surroundings (Stealth+).
Your rubbery body absorbs attacks. (AC +1, EV +1)


Message History

The jackal moves out of view.
The jackal barks!
The jackal bites your kobold skeleton.
Your kobold skeleton hits the jackal.
The jackal barely misses your kobold skeleton.
Some of the chunks of flesh in your inventory have rotted away.
The jackal bites your kobold skeleton.
The jackal barely misses your kobold skeleton.
Your kobold skeleton hits the jackal.
The jackal bites your kobold skeleton. x2
Your kobold skeleton is destroyed!
You aren't carrying any potions.
The jackal barks!
You aren't carrying any items that you can evoke.
As you read the scroll labeled IRUIX GENTOI, it crumbles to dust.
It is a scroll of identify.
You don't have any unidentified items.
You tentacle-slap the jackal. Your grab misses the jackal.
The jackal is moderately wounded.
The jackal bites you.
You die...

########......# ......##.####.##
#####.#.>......#
#####.#........###
..........>......################
###.###..........................
....# #..........#.#####.########
.##.###...##....##.#####.#
.##.......##....@h..Khh..#
##################.####..#
#...#...#...#....# #.%#
#...'.⌠.'...###### #..# ####
#...#...#...# #..#####...
##########'## #K....##.##
#...#...# #.##...#.# #...#...#
#######h#.###..# #...#...#
..K....h.## ##.#


You could see 3 jackals and a kobold.

Vanquished Creatures
  A bat (D:1)
  A jackal (D:1)
  A kobold (D:1)
  2 goblins (D:1)
  A rat (D:1)
6 creatures vanquished.

Vanquished Creatures (collateral kills)
  A goblin (D:1)
1 creature vanquished.

Grand Total: 7 creatures vanquished

Notes
Turn   | Place    | Note
-------+----------+-------------------------------------------
     0 | D:1      | M4edhros the Octopode Necromancer began the quest for the Orb.
     0 | D:1      | Reached XP level 1. HP: 11/11 MP: 3/3
   107 | D:1      | Learned a level 1 spell: Animate Skeleton
   227 | D:1      | Reached skill level 1 in Unarmed Combat
   279 | D:2      | Noticed Jessica
   304 | D:1      | Reached XP level 2. HP: 3/17 MP: 1/5
   321 | D:1      | Slain by a jackal

Vault maps used:
D:1:      co_arrival_random_square_maze, corner_web_ring, minmay_pentomino_r2
D:2:      uniq_jessica

Skill      XL: |  1 |
---------------+----+-----
Unarmed Combat | 1 |  1.6
Dodging        | |  2.0
Stealth        | |  2.6
Spellcasting   | |  2.0
Necromancy     | |  4.0

Action                   || total
-------------------------++-------
Melee: Unarmed           ||    29
       Constrict         ||     6
       Tentacles         ||     3
 Cast: Pain              ||     4
       Animate Skeleton  ||     2
  Use: Scroll            ||     1
 Stab: Sleeping          ||     2
Armor: Skin              ||    10
Dodge: Dodged            ||    24

Table legend:
 A = Spawn XP
 B = Non-spawn XP
 C = Spawn XP percentage of total XP
 D = Spawn monster count
 E = Non-spawn monster count
 F = Spawn count percentage of total count
 G = Total turns spent on level
                    A         B        C        D         E        F      G
               +---------+---------+-------+---------+---------+-------+---------
         Total |       0 |      11 |   0.0 |       0 |       7 |   0.0 |   321
               +---------+---------+-------+---------+---------+-------+---------
           D:1 |       0 |      11 |   0.0 |       0 |       7 |   0.0 |   319
               +---------+---------+-------+---------+---------+-------+---------
